 Dungeon Crawl Stone Soup version 0.32-a0-42-ga30500b4d3 (webtiles) character file.

Game seed: 2722909922090740949

1761911 cforsyth the Slayer (level 27, 78/203 HPs)
             Began as a Djinni Hedge Wizard on Feb 1, 2024.
             Was an Initiate of Gozag.
             Escaped with the Orb
             ... and 4 runes!
             The game lasted 03:19:50 (116821 turns).

cforsyth the Slayer (Djinni Hedge Wizard)         Turns: 116821, Time: 03:19:51

Health: 78/203     AC: 29    Str: 12    XL:     27
Gold:   29624      EV: 25    Int: 31    God:    Gozag SH: 15 Dex: 19

rFire   + + +        j - +4 scimitar of Isaok {flame, ^Fragile rElec rC++ Str+3}
rCold   + + +        X - +2 buckler {AC+3}
rNeg    + . .        Y - +7 faerie dragon scales {rF- rCorr Int+4 Dex+5}
rPois   ∞            c - +2 hood of the Assassin {Detect Stab+ Stlth++}
rElec   +            U - +2 cloak
rCorr   +            A - +3 pair of gauntlets of War {Slay+5}
SInv    +            (boots unavailable)
Will    +++..        S - amulet "Fajituat" {Reflect rElec rC++ SH+5}
Stlth   ++           R - ring of see invisible
HPRegen 0.53/turn    n - ring "Zeus Nihi" {rF+++ rN+ Will+ MP+9 Dex-2}
MPRegen 0.00/turn

%: reflection, clarity
@: flying, studying Short Blades
A: sickness immunity, fire resistance 2, cold vulnerability 1, float, innate
caster, HP casting, extra vitality 1, clarity, deterioration 1, frail 1
0: Orb of Zot
}: 4/15 runes: decaying, slimy, silver, gossamer
a: Renounce Religion, Potion Petition, Call Merchant, Bribe Branch


You escaped.
You worshipped Gozag.
Gozag was extremely pleased with you.
You visited 11 branches of the dungeon, and saw 53 of its levels.
You also visited: Bailey and Volcano.

You collected 32037 gold pieces.
You spent 2308 gold pieces at shops.
You paid 105 gold pieces to Gozag.

Inventory:

Hand Weapons
 j - the +4 scimitar of Isaok (weapon) {flame, ^Fragile rElec rC++ Str+3}
   (You found it on level 5 of the Pits of Slime)

   Str+3:     It affects your strength (+3).
   rC++:      It greatly protects you from cold.
   rElec:     It insulates you from electricity.
   ^Fragile:  It will be destroyed if unequipped.
 E - the +6 triple crossbow "Raemm" {freeze, rN+ Dex+3}
   (You found it on level 3 of the Vaults)

   Dex+3:     It affects your dexterity (+3).
   rN+:       It protects you from negative energy.
Armour
 c - the +2 hood of the Assassin (worn) {Detect Stab+ Stlth++}
   (You found it on level 5 of the Vaults)

   Detect:    It allows the wearer to sense nearby creatures.
   Stab+:     It allows the wearer to make particularly effective stabbing
   attacks against helpless or unaware enemies with any weapon.
   Stlth++:   It makes you much more stealthy.
 e - the +0 pair of gloves of Liokk {rElec}
   (You found it in a volcano)

   rElec:     It insulates you from electricity.
 y - the +1 pair of gloves of Proximity {Int+3}
   (You found it in a volcano)

   Int+3:     It affects your intelligence (+3).
 A - the +3 pair of gauntlets of War (worn) {Slay+5}
   (You found it on level 5 of the Pits of Slime)

   Slay+5:    It affects your accuracy & damage with ranged weapons and melee
   (+5).
 U - a +2 cloak (worn)
 X - a +2 buckler of protection (worn)
 Y - the +7 faerie dragon scales (worn) {rF- rCorr Int+4 Dex+5}
   (You took it off the Enchantress on level 1 of the Depths)

   Int+4:     It affects your intelligence (+4).
   Dex+5:     It affects your dexterity (+5).
   rF-:       It makes you vulnerable to fire.
   rCorr:     It protects you from acid and corrosion.
Jewellery
 b - the ring of Mecani {Fire rN+ Will+}
   (You found it on level 5 of the Pits of Slime)

   [ring of fire]

   Fire:      It enhances your fire magic.
   rF+:       It protects you from fire.
   rC-:       It makes you vulnerable to cold.
   rN+:       It protects you from negative energy.
   Will+:     It increases your willpower.
 n - the ring "Zeus Nihi" (right hand) {rF+++ rN+ Will+ MP+9 Dex-2}
   (You took it off a tengu reaver on level 5 of the Vaults)

   [ring of magical power]

   Dex-2:     It affects your dexterity (-2).
   rF+++:     It renders you almost immune to fire.
   rN+:       It protects you from negative energy.
   Will+:     It increases your willpower.
   MP+9:      It affects your magic capacity (+9).
 w - a ring of willpower
 D - a ring of protection from fire
 R - a ring of see invisible (left hand)
 S - the amulet "Fajituat" (around neck) {Reflect rElec rC++ SH+5}
   (You acquired it on level 3 of the Spider Nest)

   [amulet of reflection]

   Reflect:   It reflects blocked missile attacks.
   rC++:      It greatly protects you from cold.
   rElec:     It insulates you from electricity.
   SH+5:      It affects your SH (+5).
 T - a ring of resist corrosion
 W - the ring of the Swan {Int+6 Dex+3 Slay+3 Stlth+}
   (You found it on level 5 of the Pits of Slime)

   [ring of intelligence]

   Int+6:     It affects your intelligence (+6).
   Dex+3:     It affects your dexterity (+3).
   Slay+3:    It affects your accuracy & damage with ranged weapons and melee
   (+3).
   Stlth+:    It makes you more stealthy.
Wands
 x - a wand of charming (69)
 G - a wand of quicksilver (31)
 I - a wand of flame (46)
 V - a wand of mindburst (31)
 Z - a wand of digging (12)
Scrolls
 h - 13 scrolls of poison
 l - 6 scrolls of silence
 m - 5 scrolls of enchant weapon
 o - 13 scrolls of fog
 r - 11 scrolls of fear
 s - 11 scrolls of enchant armour
 u - 11 scrolls of immolation
 v - 11 scrolls of teleportation
 B - 9 scrolls of vulnerability
 J - 9 scrolls of noise
 L - 3 scrolls of revelation
 M - 3 scrolls of butterflies
 N - 6 scrolls of torment
 O - a scroll of blinking
Potions
 a - 16 potions of curing
 d - 8 potions of haste
 f - 7 potions of might
 g - 17 potions of attraction
 i - 5 potions of cancellation
 k - 11 potions of heal wounds
 p - 14 potions of mutation
 q - 4 potions of berserk rage
 t - 7 potions of invisibility
 z - 6 potions of resistance
 F - 15 potions of brilliance
 H - 13 potions of ambrosia
 K - 10 potions of enlightenment
 Q - 10 potions of lignification
Miscellaneous
 C - a lightning rod (4/4)
 P - a phial of floods


   Skills:
 + Level 26.9 Fighting
 - Level 12.0 Armour
 - Level 21.3 Dodging
 - Level 5.0 Stealth
 - Level 15.0 Shields
 + Level 25.9 Spellcasting
 + Level 25.9 Conjurations
 + Level 25.9 Hexes
 + Level 25.9 Summonings
 + Level 25.9 Necromancy
 + Level 25.9 Translocations
 + Level 25.9 Fire Magic
 + Level 25.9 Ice Magic
 + Level 25.9 Air Magic
 + Level 25.9 Earth Magic
 + Level 25.9 Alchemy


You knew the following spells:

 Your Spells              Type           Power      Damage    Failure   Level
a - Magic Dart            Conj           100%       1d8       0%          1
b - Slow                  Hex            100%       N/A       0%          1
c - Blink                 Tloc           100%       N/A       0%          2
d - Call Imp              Summ           100%       N/A       0%          2
e - Mephitic Cloud        Conj/Alch/Air  100%       N/A       0%          3
f - Apportation           Tloc           100%       N/A       0%          1
g - Mercury Vapours       Alch/Air       100%       N/A       0%          2
h - Scorch                Fire           100%       2d9       0%          2
i - Confusing Touch       Hex            100%       N/A       0%          3
j - Cause Fear            Hex            58%        N/A       0%          4
k - Lee's Rapid Deconstr  Erth           58%        3d27*     0%          5
l - Eringya's Noxious Bo  Alch           58%        4d6       0%          6
m - Plasma Beam           Fire/Air       58%        2x1d73    0%          6
n - Death Channel         Necr           58%        N/A       0%          6
o - Summon Hydra          Summ           58%        N/A       1%          7
p - Spellforged Servitor  Conj/Summ      58%        N/A       1%          7
q - Borgnjor's Revivific  Necr           58%        N/A       1%          8
r - Chain Lightning       Conj/Air       58%        3d77      2%          9
Your spell library was empty.

Dungeon Overview and Level Annotations

Branches:
Dungeon (15/15)            Temple (1/1) D:7            Lair (5/5) D:8
  Swamp (4/4) Lair:2       Spider (4/4) Lair:2        Slime (5/5) Lair:4
    Orc (2/2) D:12            Elf (0/3) Orc:2        Vaults (5/5) D:13
  Crypt (3/3) Vaults:2       Tomb (0/3) Crypt:3      Depths (4/4) D:15
    Zot (5/5) Depths:4     Bailey (visited)         Volcano (visited)

Altars:
Ashenzari
Cheibriados
Dithmenos
Elyvilon
Fedhas
Gozag
Hepliaklqana
Makhleb
Nemelex Xobeh
Okawaru
Qazlal
Ru
Trog
Uskayaw
Wu Jian
Xom
Yredelemnul
Zin
The Shining One

Shops:
D:11 *   Orc:2 [((!   Vaults:3 (   Depths:4 *!!

Portals:
Hell: Depths:1 Depths:2 Depths:3 Depths:4
Abyss: Depths:2 Depths:3
Pandemonium: Depths:1 Depths:2
Ziggurat: Depths:4

Annotations:
D:8 6 transporters
Spider:3 3 runed translucent doors, MrSquiggles's ghost, adept KoBr


Innate Abilities, Weirdness & Mutations

You are immune to sickness and miasma.
You are immune to poison.
Your flesh is very heat resistant. (rF++)
You are vulnerable to cold. (rC-)
You float through the air rather than walking.
You learn spells naturally, not from books.
Your magical power is your life essence.
You have superior vitality. (+4 MHP)
You possess an exceptional clarity of mind.
Your body sometimes deteriorates upon taking damage.
You are frail. (-10% HP)


Message History

Confirm with . or Enter, or press ? or * to list all spells.
Lightning arcs from your hands!
The bolt of lightning hits the Hell Sentinel!!!
The Hell Sentinel resists.
The Hell Sentinel is almost dead.
The bolt of lightning hits you. You resist.
Casting: Chain Lightning (dangerous; 2% risk of failure)
Confirm with . or Enter, or press ? or * to list all spells.
Lightning arcs from your hands!
The bolt of lightning hits the Hell Sentinel!!!
The Hell Sentinel resists.
You kill the Hell Sentinel!
The bolt of lightning hits you! You resist.
* * * LOW HITPOINT WARNING * * *
x2
Aiming: Dig
Press: ? - help, Shift-Dir - straight line A rock wall.
This square is covered in magical glow.
The rock shatters into small pieces.
Your extra speed is starting to run out.
Aiming: Dig
Press: ? - help, Shift-Dir - straight line A rock wall.
This square is covered in magical glow.
The rock shatters into small pieces.
You feel yourself slow down.
There is a stone staircase leading up here.
You fly upwards.
There is a stone staircase leading down here.
A shadow demon comes into view.
The shadow demon gestures.
Blink to where?
Press: ? - help, Dir - move target
As you read the scroll of blinking, it crumbles to dust.
The ball python bites you but does no damage.
The ball python completely misses you.
There is a staircase leading out of the dungeon here.
You block the ball python's attack. x2
The shadow demon gestures.
You have escaped!

............~~~≈.~~~~..#######.#.
.#......##..~~~~.≈~~~..# #.##
...≈....###.~~~≈.≈~~~..# #..r
........# #.≈~~~.~~~~..# ####
#.#.....# #.≈≈~~.~≈≈~..# #.
........# #.~~≈~.~≈≈~..# #.
.≈.÷....###.P~~...~~P..# #.
....................g..# ##### ##
#.#.....##......@......# #...####
..).....###......Sr2...###.#.#...
...≈...## #.P≈~...~≈P............
.#...#.# #.~≈≈≈.~≈r~...######.#.
...≈)..# #.~~≈~.~≈≈~....##..).#.
.......# #.~~~~.~~~~........####
#.#....# #.~~~≈.≈~~≈...§.#..#
....#.## #.~~~~.~~X~.###.#..##
.≈.##.# #.~~~~.~~~~.#.......###


You could see an Orb Guardian, a shadow demon, a quokka (summoned), a hobgoblin
(summoned), a ball python (summoned) and a rat (summoned).

Vanquished Creatures
  the Royal Jelly (Slime:5)
  3 dread liches
  Tiamat (Zot:1)
  2 ancient liches (Zot:5)
  5 orbs of fire
  A juggernaut (Depths:3)
  Mara (Swamp:4)
  Sojobo (Depths:2)
  Bai Suzhen (Vaults:4)
  6 Killer Klowns
  Josephina (Zot:4)
  Boris (Crypt:1)
  4 caustic shrikes (Depths:3)
  Margery (Vaults:2)
  7 golden dragons
  Arachne (Spider:2)
  the Enchantress (Depths:1)
  2 bone dragons
  Jory (Vaults:2)
  A Tzitzimitl (Crypt:2)
  2 electric golems (Zot:5)
  A hellephant (Vaults:2)
  Rupert (D:14)
  3 doom hounds (Crypt:2)
  Jorgrun (Orc:2)
  Zenata (Vaults:2)
  A Hell Sentinel (D:2)
  A spectral shard shrike (Crypt:3)
  3 titans
  Grunn (Crypt:2)
  26 Orb Guardians
  12 tentacled monstrosities
  Asterion (Vaults:2)
  5 quicksilver dragons
  22 acid blobs
  9 sphinxes
  7 death cobs
  2 Executioners
  3 ancient champions
  A thorn hunter (Swamp:4)
  8 tengu reavers
  5 revenants
  14 shadow dragons
  3 protean progenitors (Zot:1)
  23 azure jellies
  14 storm dragons
  A fenstrider witch (Swamp:2)
  Roxanne (Swamp:4)
  9 draconian monks
  A fire giant (Vaults:5)
  2 draconian knights (Zot:1)
  7 rockslimes (Slime:5)
  A demonspawn warmonger (Depths:2)
  12 vault wardens
  A deep elf sorcerer (Vaults:5)
  4 iron dragons
  9 draconian scorchers
  4 frost giants
  Louise (Spider:2)
  8 draconian shifters
  5 ghost moths
  5 emperor scorpions (Spider:4)
  2 reapers
  2 balrugs
  6 draconian stormcallers
  3 curse skulls
  6 draconian annihilators
  8 ghouls
  9 formless jellyfish
  A demonspawn blood saint (Depths:2)
  An orc warlord (Vaults:3)
  27 very ugly things
  A juggernaut skeleton (Depths:2)
  A cacodemon (D:11)
  4 broodmothers
  5 spriggan defenders
  13 quicksilver oozes
  16 stone giants
  4 vampire knights
  8 ironbound thunderhulks
  18 ironbound preservers
  4 eleionomae
  A rockslime zombie (Crypt:1)
  9 green draconians
  A deep elf demonologist (Vaults:4)
  2 putrid mouths (Crypt:2)
  8 white draconians
  10 black draconians
  8 deep elf death magi
  A spectral titan (Crypt:3)
  4 deep elf annihilators (Vaults:5)
  9 purple draconians
  10 yellow draconians
  6 war gargoyles
  23 dire elephants
  6 spark wasps
  Azrael (Spider:3)
  9 red draconians
  6 bunyips
  A green death (D:14)
  Snorg (D:12)
  A merfolk impaler (Depths:4)
  11 eidola
  9 jiangshi
  A blizzard demon (Depths:3)
  7 ettins
  A crystal guardian (Vaults:3)
  2 shambling mangroves
  8 fire dragons
  4 spectral quicksilver dragons (Crypt:3)
  5 deep elf high priests
  15 yaktaur captains
  5 entropy weavers
  10 ice dragons
  A spectral spriggan (Crypt:3)
  8 great orbs of eyes
  Fannar (Orc:1)
  26 vault guards
  22 hydras
  7 spriggan air magi
  2 peacekeepers
  A hell beast (Depths:1)
  5 rakshasas
  A radroach (Spider:3)
  2 catoblepae
  2 ogre magi
  4 jorogumos
  A spectral shadow dragon (Crypt:3)
  An anaconda (Swamp:4)
  10 alligators
  11 centaur warriors
  A fenstrider witch zombie (Crypt:2)
  A radroach (shapeshifter) (Depths:3)
  4 ironbound frosthearts
  4 boulder beetles
  4 ghost crabs
  4 death knights
  10 two-headed ogres
  10 death yaks
  6 deep troll shamans
  6 hell hogs
  3 sphinx skeletons
  An occultist (Depths:1)
  3 deep troll earth magi
  6 spriggan berserkers
  Urug (Lair:3)
  4 demonic crawlers
  21 tengu warriors
  6 vampire magi
  A deep elf knight (Vaults:5)
  A titan zombie (Vaults:4)
  6 orc high priests
  3 skysharks
  A sun demon (Depths:3)
  3 hell knights (Vaults:2)
  14 shadow wraiths
  13 skeletal warriors
  4 soul eaters
  A storm dragon skeleton (Crypt:1)
  Lodul (D:10)
  2 goliath frogs
  39 deep trolls
  A sixfirhy (D:11)
  12 iron trolls
  A skyshark (shapeshifter) (Vaults:5)
  A spark wasp zombie (Depths:2)
  4 spriggan druids
  2 sun moths
  A shadow demon (Depths:4)
  7 pharaoh ants
  2 quicksilver dragon simulacra (Depths:3)
  7 swamp dragons
  An orb spider (shapeshifter) (Vaults:3)
  6 arcanists
  9 orb spiders
  A salamander mystic (Depths:1)
  11 bog bodies
  6 glowing orange brains
  7 flayed ghosts
  An iron giant skeleton (Crypt:2)
  6 orc knights
  15 phantasmal warriors
  8 harpies
  3 steelbarb worms
  11 lindwurms
  A large abomination (D:2)
  7 necromancers
  18 ironbound convokers
  3 deep elf pyromancers
  A deep elf zephyrmancer (Vaults:5)
  16 wolf spiders
  A steelbarb worm (shapeshifter) (Depths:4)
  2 fauns (Zot:1)
  5 cyclopes
  21 ugly things
  A shadow dragon skeleton (Vaults:4)
  6 orc sorcerers
  7 will-o-the-wisps
  2 spectral alligator snapping turtles (Crypt:3)
  2 salamanders (Depths:1)
  5 shining eyes
  2 manticores
  A spectral ice dragon (Crypt:3)
  9 meliai
  4 spectral centaurs (Crypt:3)
  A jorogumo skeleton (Crypt:3)
  19 moths of wrath
  A kobold blastminer (Orc:1)
  A fire giant skeleton (Vaults:3)
  4 elephants (Lair:5)
  8 black mambas
  5 eyes of devastation
  A human skeleton (Vaults:3)
  21 vault sentinels
  4 molten gargoyles (Volcano)
  A titan simulacrum (Crypt:3)
  A torpor snail (shapeshifter) (Vaults:4)
  8 cane toads
  An ice statue (Depths:3)
  4 torpor snails
  A catoblepas zombie (Crypt:2)
  A gargoyle (D:11)
  An orange demon (D:12)
  4 smoke demons
  3 unseen horrors
  3 elf zombies
  A white draconian zombie (Crypt:3)
  2 kobold demonologists
  8 komodo dragons
  18 yaktaurs
  A storm dragon simulacrum (Zot:4)
  3 efreet (Volcano)
  A white draconian skeleton (Crypt:2)
  5 rime drakes
  A tormentor (Crypt:2)
  20 freezing wraiths
  3 tengu conjurers
  A red draconian skeleton (Crypt:1)
  4 trolls
  2 green draconian skeletons
  2 ice devils (Depths:3)
  A queen bee (Lair:5)
  4 bloated husks
  A spectral harpy (Crypt:3)
  2 hellwings (D:7)
  A tengu simulacrum (Vaults:1)
  A shadow dragon simulacrum (Depths:2)
  5 polar bears
  12 tarantellas
  A blink frog (shapeshifter) (Spider:3)
  8 tyrant leeches
  A raiju (shapeshifter) (D:15)
  17 dream sheep
  4 glass eyes
  3 ettin zombies
  14 hornets
  A meliai zombie (Crypt:1)
  A raiju (D:12)
  19 blink frogs
  Prince Ribbit (Bailey)
  A deep troll zombie (Vaults:4)
  112 slime creatures
  A fire giant simulacrum (Depths:2)
  14 culicivoras
  2 shadows
  47 yaks
  2 vampires
  A wind drake zombie (Crypt:2)
  41 jumping spiders
  A fire bat (D:12)
  16 spriggans
  A wyvern (D:9)
  2 water elementals (Depths:4)
  9 wraiths
  6 humans
  Eustachio (D:4)
  13 golden eyes
  A neqoxec (D:2)
  3 wargs
  10 vampire mosquitoes
  4 fire elementals
  7 basilisks
  A chaos spawn (Depths:4)
  60 redbacks
  A wind drake skeleton (Crypt:1)
  20 swamp worms
  15 water moccasins
  4 hell hounds
  A glowing shapeshifter skeleton (Depths:2)
  6 swamp drakes
  23 orc warriors
  4 moth of wrath simulacra (Zot:4)
  A sky beast (D:7)
  2 dream sheep zombies (Crypt:2)
  2 black bears
  3 human zombies
  6 ettin simulacra (Depths:3)
  18 boggarts
  11 ogres
  11 laughing skulls
  10 wolves
  An elephant skeleton (Crypt:3)
  5 centaurs
  3 phantoms
  A komodo dragon zombie (Crypt:3)
  4 kobold brigands
  20 bullfrogs
  A scorpion (D:5)
  A glowing shapeshifter simulacrum (Vaults:3)
  A naga simulacrum (Crypt:3)
  4 necrophages
  An earth elemental (Volcano)
  7 wights
  A shapeshifter zombie (Crypt:1)
  16 killer bees (Lair:5)
  A troll skeleton (Crypt:2)
  3 electric eels
  6 howler monkeys
  A crimson imp (D:5)
  2 bombardier beetles
  A bullfrog zombie (Crypt:2)
  A gnoll bouda (D:5)
  5 hounds
  38 orc priests
  8 jellies
  5 iguanas
  3 sleepcaps
  A black bear skeleton (Crypt:3)
  28 orc wizards
  An ogre skeleton (Crypt:2)
  Robin (D:2)
  A howler monkey skeleton (Crypt:1)
  5 adders
  5 gnolls
  A swamp drake zombie (Crypt:3)
  A white imp (D:6)
  2 ufetubi (D:7)
  An adder skeleton (Crypt:3)
  3 dart slugs
  59 orcs
  11 ball pythons
  5 bats
  8 endoplasms
  2 giant cockroaches
  18 goblins
  8 hobgoblins
  8 jackals (D:2)
  5 quokkas
  A frilled lizard (D:1)
  A frilled lizard zombie (Crypt:3)
  20 kobolds
  An orc skeleton (Crypt:2)
  An orc zombie (Crypt:1)
  7 rats
  A river rat zombie (Crypt:3)
  2 aspiring fleshes (Zot:1)
2247 creatures vanquished.

Vanquished Creatures (collateral kills)
  An ancient lich (Vaults:4)
  A golden dragon (Zot:3)
  4 curse toes
  8 tentacled monstrosities
  A lich (Vaults:5)
  A titan (Vaults:4)
  A sphinx (Vaults:5)
  6 acid blobs
  2 death cobs
  A quicksilver dragon (Zot:3)
  5 rockslimes
  A tengu reaver (Vaults:5)
  2 shadow dragons
  A protean progenitor (Depths:4)
  A storm dragon (Zot:3)
  A draconian monk (Depths:4)
  2 fire giants
  2 draconian shifters (Zot:2)
  A draconian knight (Zot:1)
  3 azure jellies
  A vault warden (Vaults:3)
  A balrug (Depths:3)
  3 quicksilver oozes (Slime:5)
  2 broodmothers
  2 ironbound preservers
  An ironbound thunderhulk (Vaults:1)
  2 stone giants
  A very ugly thing (Depths:2)
  A deep elf demonologist (Depths:3)
  5 black draconians
  A white draconian (Zot:1)
  A dire elephant (Vaults:3)
  2 yaktaur captains
  An ettin (Vaults:5)
  2 entropy weavers
  A jorogumo (Spider:2)
  2 vault guards
  An ironbound frostheart (Vaults:1)
  A tengu warrior (Depths:3)
  3 demonic crawlers
  2 sun demons (Depths:3)
  A pharaoh ant (Spider:4)
  11 deep trolls
  3 orb spiders
  A sun moth (Spider:4)
  An ironbound convoker (Vaults:3)
  2 phantasmal warriors (Vaults:5)
  A lindwurm (Vaults:3)
  A harpy (Vaults:1)
  An orc knight (Vaults:3)
  4 wolf spiders
  An ugly thing (Vaults:4)
  4 moths of wrath
  An eye of devastation (shapeshifter) (Vaults:5)
  A vault sentinel (Vaults:1)
  An eye of devastation (Slime:4)
  An elf skeleton (Vaults:3)
  A yaktaur (Vaults:3)
  A tengu conjurer (Depths:2)
  4 tarantellas
  13 slime creatures
  4 jumping spiders
  9 culicivoras
  A fire elemental (Spider:3)
  13 redbacks
  A hell hound (Spider:3)
  An ice beast (D:6)
  2 boggarts (Vaults:3)
  A kobold (D:9)
  An aspiring flesh (Depths:4)
168 creatures vanquished.

Vanquished Creatures (others)
  A fire giant (Vaults:4)
  A red draconian (Zot:1)
  An orb spider (Spider:4)
  A molten gargoyle (Volcano)
  A bloated husk (Swamp:4)
  A glass eye (Depths:3)
  A redback (Spider:2)
  An orc warrior (D:8)
  An orc priest (D:8)
  6 foxfires
15 creatures vanquished.

Grand Total: 2430 creatures vanquished

Notes
Turn   | Place    | Note
-------+----------+-------------------------------------------
     0 | D:1      | cforsyth the Djinni Hedge Wizard began the quest for the
                  | Orb.
     0 | D:1      | cforsyth set off with the following spells memorised: Magic
                  | Dart, Slow, Blink, Call Imp, Mephitic Cloud.
     0 | D:1      | Reached XP level 1. HP: 15/15 MP: 0/0
   215 | D:1      | Reached XP level 2. HP: 18/22 MP: 0/0
   258 | D:1      | Reached skill level 1 in Fighting
   402 | D:1      | Reached XP level 3. HP: 24/27 MP: 0/0
   402 | D:1      | Learned a level 1 spell: Apportation
  1018 | D:2      | Reached skill level 2 in Fighting
  1167 | D:2      | Identified the +4 sling of cforsyth's Misery {elec, rC+
                  | Str+2}
  1392 | D:2      | Reached XP level 4. HP: 22/33 MP: 0/0
  2052 | D:3      | Noticed Robin
  2195 | D:2      | Killed Robin
  2224 | D:3      | Reached XP level 5. HP: 27/40 MP: 0/0
  2224 | D:3      | Learned a level 2 spell: Mercury Vapours
  2419 | D:3      | Reached skill level 3 in Fighting
  3081 | D:4      | Noticed Eustachio
  3089 | D:4      | Killed Eustachio
  3090 | D:4      | Reached skill level 4 in Fighting
  3090 | D:4      | Reached XP level 6. HP: 47/47 MP: 0/0
  3129 | D:4      | Found an opulent altar of Gozag.
  3163 | D:4      | Identified the +0 ring mail "Jaitytz" {Int+4}
  3228 | D:4      | Reached XP level 7. HP: 53/53 MP: 0/0
  3228 | D:4      | Learned a level 2 spell: Scorch
  3253 | D:4      | Found an ornate altar of the Wu Jian Council.
  3596 | D:5      | Entered Level 5 of the Dungeon
  3623 | D:5      | Reached skill level 5 in Fighting
  3625 | D:5      | Reached skill level 5 in Spellcasting
  3625 | D:5      | Reached skill level 5 in Conjurations
  3625 | D:5      | Reached skill level 5 in Hexes
  3625 | D:5      | Reached skill level 5 in Summonings
  3625 | D:5      | Reached skill level 5 in Necromancy
  3625 | D:5      | Reached skill level 5 in Translocations
  3625 | D:5      | Reached skill level 5 in Fire Magic
  3625 | D:5      | Reached skill level 5 in Ice Magic
  3625 | D:5      | Reached skill level 5 in Air Magic
  3625 | D:5      | Reached skill level 5 in Earth Magic
  3625 | D:5      | Reached skill level 5 in Alchemy
  3691 | D:5      | Reached XP level 8. HP: 57/61 MP: 0/0
  3740 | D:5      | Reached skill level 6 in Fighting
  3951 | D:5      | Found a glowing golden altar of the Shining One.
  4086 | D:5      | Found a burning altar of Makhleb.
  4613 | D:6      | Reached skill level 7 in Fighting
  4783 | D:6      | Reached XP level 9. HP: 46/68 MP: 0/0
  4783 | D:6      | Learned a level 3 spell: Confusing Touch
  5258 | D:7      | Reached skill level 8 in Fighting
  5579 | D:7      | Found a staircase to the Ecumenical Temple.
  5584 | Temple   | Entered the Ecumenical Temple
  5663 | D:4      | Became a worshipper of Gozag Ym Sagoz the Greedy
  6237 | D:8      | Found a transporter.
  6241 | D:8      | Found a transporter.
  6259 | D:8      | Found a staircase to the Lair.
  6447 | D:8      | Found a transporter.
  6452 | D:8      | Found a transporter.
  6582 | D:8      | Reached skill level 9 in Fighting
  6804 | D:8      | Found a stormy altar of Qazlal.
  6822 | D:8      | Found a transporter.
  6825 | D:8      | Found a transporter.
  7108 | D:9      | Noticed a deep elf pyromancer
  7112 | D:9      | Reached XP level 10. HP: 63/78 MP: 0/0
  7338 | D:9      | Killed a deep elf pyromancer
  7471 | D:9      | Found a glowing silver altar of Zin.
  7499 | D:9      | Reached skill level 10 in Fighting
  8234 | D:10     | Entered Level 10 of the Dungeon
  8263 | D:10     | Found a flagged portal.
  8270 | Bailey   | Entered a bailey
  8310 | Bailey   | Reached skill level 11 in Fighting
  8330 | Bailey   | Reached XP level 11. HP: 34/87 MP: 0/0
  8330 | Bailey   | Learned a level 4 spell: Cause Fear
  8513 | Bailey   | Noticed a vault guard
  8530 | Bailey   | Noticed a vault guard
  8531 | Bailey   | Noticed Prince Ribbit
  8554 | Bailey   | Killed a vault guard
  8558 | Bailey   | Killed a vault guard
  8559 | Bailey   | Reached skill level 12 in Fighting
  8572 | Bailey   | Killed Prince Ribbit
  8817 | D:10     | Noticed a two-headed ogre
  8828 | D:10     | Killed a two-headed ogre
  8987 | D:10     | Noticed Lodul
  8993 | D:10     | Reached skill level 10 in Spellcasting
  8993 | D:10     | Reached skill level 10 in Conjurations
  8993 | D:10     | Reached skill level 10 in Hexes
  8993 | D:10     | Reached skill level 10 in Summonings
  8993 | D:10     | Reached skill level 10 in Necromancy
  8993 | D:10     | Reached skill level 10 in Translocations
  8993 | D:10     | Reached skill level 10 in Fire Magic
  8993 | D:10     | Reached skill level 10 in Ice Magic
  8993 | D:10     | Reached skill level 10 in Air Magic
  8993 | D:10     | Reached skill level 10 in Earth Magic
  8993 | D:10     | Reached skill level 10 in Alchemy
  9010 | D:10     | Killed Lodul
  9057 | D:10     | Found a blossoming altar of Fedhas.
  9278 | D:11     | Noticed a two-headed ogre
  9290 | D:11     | Killed a two-headed ogre
  9291 | D:11     | Reached skill level 13 in Fighting
  9339 | D:11     | Reached XP level 12. HP: 82/98 MP: 0/0
  9344 | D:11     | Noticed a centaur warrior
  9347 | D:11     | Found Zuat's Assorted Antiques.
 10185 | D:11     | Bought a scroll labelled UKUYM WAMN for 31 gold pieces
 10185 | D:11     | Bought an orange potion for 27 gold pieces
 10185 | D:11     | Bought a scroll labelled CEDDID ASOQOA for 31 gold pieces
 10185 | D:11     | Bought a scroll of identify for 62 gold pieces
 10279 | D:11     | Killed a centaur warrior
 10980 | D:12     | Noticed a sun demon
 11979 | D:12     | Noticed Snorg
 11979 | D:12     | Noticed a two-headed ogre
 12007 | D:12     | Killed a two-headed ogre
 12008 | D:12     | Reached skill level 14 in Fighting
 12336 | D:12     | Found a staircase to the Orcish Mines.
 12451 | D:12     | Found a shimmering altar of Xom.
 13613 | D:12     | Noticed a boulder beetle
 13618 | D:12     | Reached XP level 13. HP: 103/106 MP: 0/0
 13618 | D:12     | Learned a level 5 spell: Lee's Rapid Deconstruction
 14245 | D:12     | Killed Snorg
 14369 | Lair:1   | Entered Level 1 of the Lair of Beasts
 14432 | Lair:1   | Reached skill level 15 in Fighting
 15983 | Lair:2   | Noticed a seven-headed hydra
 15987 | Lair:2   | Killed a seven-headed hydra
 15993 | Lair:2   | Reached skill level 16 in Fighting
 16030 | Lair:2   | Found a staircase to the Swamp.
 16229 | Lair:2   | Found a hole to the Spider Nest.
 16727 | Lair:3   | Reached XP level 14. HP: 73/117 MP: 0/0
 16814 | Lair:3   | Found a dark tunnel.
 16825 | Volcano  | Entered a volcano
 17390 | Volcano  | Identified the +0 pair of gloves of Liokk {rElec}
 17397 | Volcano  | Identified the +1 pair of gloves of Proximity {Int+3}
 17899 | Lair:3   | Reached skill level 17 in Fighting
 17903 | Lair:3   | Noticed Urug
 17922 | Lair:3   | Killed Urug
 19106 | Lair:4   | Found a staircase to the Slime Pits.
 19929 | Lair:5   | Entered Level 5 of the Lair of Beasts
 20034 | Lair:5   | Reached XP level 15. HP: 109/126 MP: 0/0
 20034 | Lair:5   | Learned a level 6 spell: Eringya's Noxious Bog
 20292 | Lair:5   | Reached skill level 18 in Fighting
 22820 | Orc:1    | Entered Level 1 of the Orcish Mines
 23215 | Orc:1    | Noticed Fannar
 23219 | Orc:1    | Killed Fannar
 23455 | Orc:2    | Entered Level 2 of the Orcish Mines
 23532 | Orc:2    | Noticed Jorgrun
 23543 | Orc:2    | Killed Jorgrun
 23544 | Orc:2    | Reached skill level 19 in Fighting
 23746 | Orc:2    | Reached skill level 15 in Spellcasting
 23746 | Orc:2    | Reached skill level 15 in Conjurations
 23746 | Orc:2    | Reached skill level 15 in Hexes
 23746 | Orc:2    | Reached skill level 15 in Summonings
 23746 | Orc:2    | Reached skill level 15 in Necromancy
 23746 | Orc:2    | Reached skill level 15 in Translocations
 23746 | Orc:2    | Reached skill level 15 in Fire Magic
 23746 | Orc:2    | Reached skill level 15 in Ice Magic
 23746 | Orc:2    | Reached skill level 15 in Air Magic
 23746 | Orc:2    | Reached skill level 15 in Earth Magic
 23746 | Orc:2    | Reached skill level 15 in Alchemy
 23868 | Orc:2    | Found a staircase to the Elven Halls.
 23908 | Orc:2    | Found Ylypt's Antique Weapon Shop.
 23908 | Orc:2    | Found Vexanloe's Distillery.
 23909 | Orc:2    | Found Amaexo's Antique Weapon Boutique.
 23914 | Orc:2    | Found Cuyngib's Antique Armour Boutique.
 23918 | Orc:2    | Bought a potion of resistance for 130 gold pieces
 23918 | Orc:2    | Bought a potion of haste for 130 gold pieces
 23918 | Orc:2    | Bought a potion of curing for 39 gold pieces
 23918 | Orc:2    | Bought a potion of heal wounds for 65 gold pieces
 23918 | Orc:2    | Bought a potion of heal wounds for 65 gold pieces
 23918 | Orc:2    | Bought a potion of lignification for 39 gold pieces
 23920 | Orc:2    | Bought a polished scale mail for 216 gold pieces
 23920 | Orc:2    | Identified the +3 scale mail of the Wumpus {rC+ rCorr Str+3
                  | Int-4} (You bought it in a shop on level 2 of the Orcish
                  | Mines)
 23920 | Orc:2    | Bought an embroidered cloak for 180 gold pieces
 24109 | Orc:2    | Reached XP level 16. HP: 107/135 MP: 0/0
 25409 | D:13     | Found a gate to the Vaults.
 25603 | D:13     | Identified the +2 hand axe of Vanor {heavy, Fly Int+9}
 26471 | D:14     | Noticed Rupert
 26477 | D:14     | Paralysed by Rupert for 3 turns
 26779 | D:14     | Killed Rupert
 27029 | D:15     | Entered Level 15 of the Dungeon
 27474 | D:15     | Reached skill level 20 in Fighting
 27558 | D:15     | Found a staircase to the Depths.
 28322 | Spider:1 | Entered Level 1 of the Spider Nest
 28504 | Swamp:1  | Entered Level 1 of the Swamp
 29130 | Depths:1 | Entered Level 1 of the Depths
 29706 | Depths:1 | Noticed the Enchantress
 29858 | Depths:1 | HP: 3/139 [ice dragon (illusionary)/blast of cold (14)]
 29896 | Depths:1 | Found a one-way gate leading to the halls of Pandemonium.
 29969 | Depths:1 | Reached XP level 17. HP: 47/145 MP: 0/0
 29969 | Depths:1 | Learned a level 6 spell: Plasma Beam
 30010 | Depths:1 | Found a gateway to Hell.
 30010 | Depths:1 | Noticed a bone dragon
 30490 | Depths:1 | Killed a bone dragon
 30660 | Depths:1 | Reached skill level 21 in Fighting
 31005 | Depths:1 | Killed the Enchantress
 32952 | Swamp:2  | Paralysed by a fenstrider witch for 5 turns
 34015 | Swamp:3  | Reached XP level 18. HP: 98/155 MP: 0/0
 36007 | Swamp:4  | Entered Level 4 of the Swamp
 36242 | Swamp:4  | Reached skill level 22 in Fighting
 36554 | Swamp:4  | Noticed Mara
 36556 | Swamp:4  | Noticed cforsyth's illusion
 36726 | Swamp:4  | Killed Mara
 38248 | Swamp:4  | Noticed Roxanne
 38268 | Swamp:4  | Killed Roxanne
 38591 | Swamp:4  | Got a decaying rune of Zot
 39343 | Lair:2   | Reached skill level 23 in Fighting
 39574 | Lair:2   | Reached XP level 19. HP: 126/164 MP: 0/0
 39574 | Lair:2   | Learned a level 6 spell: Death Channel
 41715 | Spider:2 | Noticed Arachne
 41727 | Spider:2 | Killed Arachne
 41943 | Spider:2 | Reached skill level 1 in Shields
 41994 | Spider:2 | Noticed Louise
 42001 | Spider:2 | Killed Louise
 43194 | Spider:3 | Noticed Azrael
 43578 | Spider:3 | Reached skill level 5 in Dodging
 43784 | Spider:3 | Identified 3 scrolls of acquirement
 43939 | Spider:3 | Killed Azrael
 44056 | Spider:3 | Noticed MrSquiggles's ghost (adept KoBr)
 44073 | Spider:3 | Found a runed translucent gate.
 44073 | Spider:3 | Found a runed translucent gate.
 44073 | Spider:3 | Found a runed translucent gate.
 44390 | Spider:3 | Acquired the amulet "Fajituat" {Reflect rElec rC++ SH+5}
 44508 | Spider:4 | Entered Level 4 of the Spider Nest
 44837 | Spider:4 | Reached skill level 5 in Shields
 45262 | Spider:4 | Reached XP level 20. HP: 109/171 MP: 0/0
 46505 | Spider:4 | Got a gossamer rune of Zot
 46939 | Vaults:1 | Entered Level 1 of the Vaults
 48534 | Vaults:1 | Identified the amulet "Ywkarch" {Faith rPois Dex+3}
 49882 | Vaults:2 | Reached XP level 21. HP: 116/176 MP: 0/0
 49882 | Vaults:2 | Learned a level 7 spell: Summon Hydra
 49934 | Vaults:2 | Noticed Margery
 49941 | Vaults:2 | Killed Margery
 50133 | Vaults:2 | Reached skill level 10 in Dodging
 51457 | Vaults:2 | Noticed Zenata
 51464 | Vaults:2 | Killed Zenata
 51636 | Vaults:2 | Identified the +0 ring mail of Darkness {+Blink rF+ Str+4}
 51679 | Vaults:2 | Noticed Jory
 51684 | Vaults:2 | Killed Jory
 51845 | Vaults:2 | Reached skill level 10 in Shields
 52208 | Vaults:2 | Found a staircase to the Crypt.
 52337 | Vaults:2 | Noticed Asterion
 52339 | Vaults:2 | Killed Asterion
 53054 | Vaults:3 | Reached XP level 22. HP: 104/184 MP: 0/0
 53879 | Vaults:3 | Identified the +6 triple crossbow "Raemm" {freeze, rN+
                  | Dex+3}
 54164 | Vaults:3 | Found Ricyph's Weapon Boutique.
 58171 | Crypt:1  | Entered Level 1 of the Crypt
 58720 | Slime:1  | Entered Level 1 of the Pits of Slime
 59926 | Slime:2  | Reached XP level 23. HP: 184/190 MP: 0/0
 59926 | Slime:2  | Learned a level 7 spell: Spellforged Servitor
 61629 | Slime:2  | Reached skill level 15 in Dodging
 64283 | Slime:5  | Entered Level 5 of the Pits of Slime
 65811 | Slime:4  | Acquired 1252 gold pieces
 65813 | Slime:4  | Acquired 879 gold pieces
 68095 | Slime:5  | Noticed the Royal Jelly
 71572 | Slime:5  | Killed the Royal Jelly
 72163 | Slime:5  | Found the +3 pair of gauntlets of War {Slay+5}
 72181 | Slime:5  | Identified the ring of Mecani {Fire rN+ Will+}
 72184 | Slime:5  | Identified the amulet of Fun {RegenMP rF++ Int+3}
 72216 | Slime:5  | Got a slimy rune of Zot
 72222 | Slime:5  | Identified the ring of the Swan {Int+6 Dex+3 Slay+3 Stlth+}
 72225 | Slime:5  | Identified the +4 scimitar of Isaok {flame, ^Fragile rElec
                  | rC++ Str+3}
 72261 | Slime:5  | Identified the +1 plate armour of Ponymuhi {Harm rElec rF+}
 73051 | Vaults:2 | Reached XP level 24. HP: 129/196 MP: 0/0
 75822 | Crypt:1  | Noticed Boris
 76020 | Crypt:1  | Killed Boris
 76274 | Crypt:1  | Identified the +4 pair of boots "Innogazxay" {rC- Dex+6}
 77710 | Crypt:2  | Noticed Grunn
 77713 | Crypt:2  | Killed Grunn
 78706 | Crypt:3  | Entered Level 3 of the Crypt
 78706 | Crypt:3  | Found a staircase to the Tomb.
 81507 | Crypt:3  | Reached XP level 25. HP: 95/202 MP: 0/0
 81507 | Crypt:3  | Learned a level 8 spell: Borgnjor's Revivification
 82083 | Crypt:3  | Found the +6 Majin-Bo {spellvamp, MP+6 Int+6}
 82480 | Crypt:3  | Identified the +2 long sword "Qaqotehi" {venom, rCorr}
 82784 | Crypt:3  | Identified the +7 chain mail "Xefy" {rPois Will+}
 83060 | Vaults:5 | Entered Level 5 of the Vaults
 83349 | Vaults:4 | Reached skill level 1 in Armour
 84882 | Vaults:5 | Noticed Bai Suzhen
 84896 | Vaults:5 | Noticed a dread lich
 85179 | Vaults:5 | Paralysed by a dread lich for 3 turns
 85183 | Vaults:5 | Killed a dread lich
 85254 | Vaults:5 | Identified the ring "Zeus Nihi" {rF+++ rN+ Will+ MP+9
                  | Dex-2}
 85346 | Vaults:5 | Identified the +3 scimitar "Voybrin" {elec, Dex+3 Stlth+}
 85426 | Vaults:5 | Identified the +7 chain mail of the Mashing Gods {Regen+
                  | Int-2 SInv Stlth-}
 85912 | Vaults:5 | Reached skill level 5 in Armour
 86346 | Vaults:5 | Identified the +0 spear of Poapor {antimagic, rPois Str+3
                  | Dex-2}
 87734 | Vaults:4 | Killed Bai Suzhen
 87735 | Vaults:4 | Reached XP level 26. HP: 169/210 MP: 0/0
 88000 | Vaults:5 | Identified the +12 mace of Wrongful Imprisonment {freeze,
                  | rC+}
 88290 | Vaults:5 | Noticed an ancient lich
 88592 | Vaults:4 | Killed an ancient lich
 89040 | Vaults:5 | Acquired the +0 cloak of Generosity {rPois rC+}
 89428 | Vaults:5 | Got a silver rune of Zot
 89541 | Vaults:5 | Found the +2 hood of the Assassin {Detect Stab+ Stlth++}
 89719 | Vaults:5 | Identified the staff of Causality {rElec Dex+2 Air}
 91136 | Depths:2 | Found a one-way gate to the infinite horrors of the Abyss.
 91432 | Depths:2 | Noticed Sojobo
 91774 | Depths:2 | Paralysed by an air elemental for 1 turns
 91782 | Depths:2 | Paralysed by an air elemental for 1 turns
 91784 | Depths:2 | Paralysed by an air elemental for 1 turns
 91796 | Depths:2 | Paralysed by an air elemental for 1 turns
 91802 | Depths:2 | Killed Sojobo
 94071 | Depths:3 | Reached XP level 27. HP: 151/215 MP: 0/0
 94071 | Depths:3 | Learned a level 9 spell: Chain Lightning
 94213 | Depths:3 | Identified the amulet of the Cockroach {+Inv rElec Regen+}
 94439 | Depths:3 | Found a hazy altar of Hepliaklqana.
 94455 | Depths:3 | Reached skill level 15 in Shields
 94858 | Depths:3 | Noticed a juggernaut
 94862 | Depths:3 | Killed a juggernaut
 95043 | Depths:3 | Found a basalt altar of Yredelemnul.
 95082 | Depths:3 | Found a sparkling altar of Nemelex Xobeh.
 96279 | Depths:4 | Entered Level 4 of the Depths
 97023 | Depths:4 | Found Tulym's Distillery.
 97025 | Depths:4 | Found Epaacy's Distillery.
 97028 | Depths:4 | Found Pacsoef's General Store.
 97032 | Depths:4 | Bought a potion of invisibility for 160 gold pieces
 97032 | Depths:4 | Bought a potion of invisibility for 160 gold pieces
 97032 | Depths:4 | Bought 2 potions of brilliance for 160 gold pieces
 97034 | Depths:4 | Bought a potion of resistance for 130 gold pieces
 97034 | Depths:4 | Bought a potion of mutation for 104 gold pieces
 97034 | Depths:4 | Bought a potion of curing for 39 gold pieces
 97034 | Depths:4 | Bought 2 potions of haste for 260 gold pieces
 97034 | Depths:4 | Bought a potion of haste for 130 gold pieces
 97036 | Depths:4 | Bought a potion of haste for 150 gold pieces
 97074 | Depths:4 | Found a one-way gateway to a ziggurat.
 97328 | Depths:4 | Reached skill level 5 in Stealth
 97594 | Depths:4 | Found a gate to the Realm of Zot.
 98094 | Zot:1    | Entered Level 1 of the Realm of Zot
 98341 | Zot:1    | Reached skill level 10 in Armour
 98545 | Zot:1    | Found the +4 dragonskin cloak
 98545 | Zot:1    | Noticed Tiamat
 98562 | Zot:1    | Reached skill level 24 in Fighting
 98568 | Zot:1    | Killed Tiamat
101033 | Zot:1    | Noticed an orb of fire
101407 | Zot:1    | Gained mutation: You are frail. (-10% HP) [an orb of fire]
101411 | Depths:4 | Killed an orb of fire
103138 | Zot:1    | Noticed an orb of fire
103449 | Zot:1    | Killed an orb of fire
104298 | Zot:2    | You are sucked into a shaft and drop 1 floor!
105587 | Zot:2    | Noticed a Killer Klown
105592 | Zot:2    | Killed a Killer Klown
105661 | Zot:2    | Noticed an orb of fire
107186 | Zot:2    | Gained mutation: You possess an exceptional clarity of
                  | mind. [an orb of fire]
107194 | Zot:2    | Killed an orb of fire
107663 | Zot:2    | Reached skill level 25 in Fighting
110236 | Zot:4    | Identified the ring "Foaw" {Ice *Slow rElec Str+6 SInv}
110236 | Zot:4    | Noticed Josephina
110477 | Zot:4    | Killed Josephina
112656 | Zot:5    | Entered Level 5 of the Realm of Zot
113039 | Zot:5    | Noticed an ancient lich
113046 | Zot:5    | Killed an ancient lich
113260 | Zot:5    | Reached skill level 26 in Fighting
113879 | Zot:5    | Noticed an orb of fire
113882 | Zot:5    | Killed an orb of fire
114121 | Zot:5    | Noticed a dread lich
114125 | Zot:5    | Killed a dread lich
114223 | Zot:5    | Noticed a Killer Klown
114226 | Zot:5    | Killed a Killer Klown
114421 | Zot:5    | Noticed a Killer Klown
114425 | Zot:5    | Killed a Killer Klown
114552 | Zot:5    | Noticed a Killer Klown
114554 | Zot:5    | Killed a Killer Klown
114731 | Zot:5    | Noticed a Killer Klown
114737 | Zot:5    | Killed a Killer Klown
114842 | Zot:5    | Noticed an orb of fire
114844 | Zot:5    | Gained mutation: Your body sometimes deteriorates upon
                  | taking damage. [an orb of fire]
114848 | Zot:5    | Killed an orb of fire
115178 | Zot:5    | Noticed an ancient lich
115183 | Zot:5    | Killed an ancient lich
115464 | Zot:5    | Noticed a dread lich
115474 | Zot:5    | Killed a dread lich
115637 | Zot:5    | Noticed a Killer Klown
115640 | Zot:5    | Killed a Killer Klown
116110 | Zot:5    | Got the Orb of Zot
116821 | D:$      | Escaped with the Orb!

Illustrated notes

Levels and vault maps discovered:
D:1:      giann_bridges, layout_basic, nicolae_kite_square_tiling_tiny,
          bh_walls_and_bars
D:2:      layout_loops_corners
D:3:      layout_loops_ring, serial_bayou, serial_bayou_lagoon_a,
          serial_bayou_pond_c, serial_bayou_lake_a, serial_bayou_pond_d,
          serial_bayou_ford_a, chequers_serial_rivers_large_a,
          serial_bayou_pond_e, wad_floor_pattern_1, uniq_robin
D:4:      layout_basic, nicolae_wu_jian_wuxing_cycle, lemuel_round_altar,
          uniq_eustachio
D:5:      layout_rooms, grunt_temple_overflow_lords_of_destruction,
          nicolae_tso_carved_into_rock
D:6:      layout_basic, nicolae_elevator_lobby_plus
D:7:      layout_basic, temple_statues
D:8:      layout_basic, nicolae_qazlal_scattered_showers, lair_entry_dummy,
          minivault_19, serial_nicolae_subway, nicolae_sub_station_stone,
          nicolae_sub_station_metal, nicolae_sub_station_crystal
D:9:      layout_basic, mainiacjoe_overflow_concentric_impassable,
          serial_corexii_hall, corexii_hall_statues_t, corexii_hall_statues_t,
          corexii_hall_statues_l, chequers_hall_statues_y
D:10:     layout_gridville, fedhas_altar_2, enter_bailey_2, uniq_lodul
D:11:     layout_small_grid, serial_shops, nicolae_shop_advertising_works
          [nicolae_subvault_shop_adworks]
D:12:     layout_roguey, david_orc_3, regret_index_xom_of_box, uniq_snorg
D:13:     layout_layer_cave, hellmonk_vaults_keyhole
D:14:     layout_long_grid, uniq_rupert
D:15:     grunt_enter_depths_hoard, layout_long_grid, dk_noncrumbling_3
Temple:   nicolae_temple_two_arcs
Lair:1:   layout_cave_pods
Lair:2:   layout_chaotic_city, palyth_hydra_swamp_entry,
          spider_nest_entry_funnel_web, grunt_megastairs_3
Lair:3:   layout_hall_layers, enter_volcano_2, minmay_holes, lemuel_fruit_tree,
          infiniplex_staircase_pool_2, uniq_urug
Lair:4:   layout_small_grid, slime_entry_2, st_stairs_13, serial_bayou_shore_a,
          grunt_megastairs_5
Lair:5:   grunt_lair_end_beastmaster, layout_small_grid, special_room
          [special_room_bee]
Swamp:1:  layout_basic_swamp, evilmike_swamp_ruin_rubble_2,
          infiniplex_staircase_pool
Swamp:2:  layout_falls_marsh, hangedman_swamp_cone, swamp_pool_3
Swamp:3:  layout_falls_marsh, evilmike_swamp_ruin_house_2,
          nicolae_swamp_decorative_isthmus
Swamp:4:  swamp_basic_johnstein, layout_basic_swamp, swamp_pool_4,
          nicolae_swamp_snake_nest, uniq_mara, uniq_roxanne
Spider:1: layout_spider_delve
Spider:2: layout_spider_delve, special_room, drop_trap, uniq_arachne,
          uniq_louise
Spider:3: layout_spider_delve, gammafunk_ghost_split,
          hellmonk_deceptive_appearances, uniq_azrael
Spider:4: guppyfry_spider_rune, hellmonk_test_site
Slime:1:  layout_caves, nicolae_slime_ancient_tower_intersection
Slime:2:  layout_caves
Slime:3:  layout_caves
Slime:4:  layout_caves
Slime:5:  slime_pit_nicolae_royal_road_to_ruin
Orc:1:    layout_diamond_mine, nicolae_orc_beogh_chapel, uniq_fannar
Orc:2:    st_orc_mages, layout_caves, regret_index_minedec_shroomtown_chain,
          uniq_jorgrun
Vaults:1: nicolae_vaults_closet_pinwheel_4, ontoclasm_vaults_ligature,
          v_pattern_5, v_misc_27, nicolae_vaults_alarming,
          nicolae_vaults_rhombus_7, grunt_vaults_trifunnel,
          nicolae_vaults_offset_grid_hallway_3, vaults_room_pool,
          vaults_mumra_hex, v_misc_22, layout_vaults_maze_snakey
Vaults:2: nicolae_vaults_network_periphery, nicolae_vaults_closet_pinwheel_4,
          nicolae_vaults_tetromino_Z_1, minmay_crypt_entry_simple_corners,
          v_pattern_2, nicolae_vaults_surprise_closet,
          nicolae_vaults_sightless_eye, nicolae_vaults_enemy_cabinets,
          layout_vaults_quadrants, serial_glass, uniq_zenata, uniq_asterion,
          uniq_jory, uniq_margery
Vaults:3: nicolae_vaults_wine_cellar, v_misc_33, nicolae_vaults_circle_grid_a,
          v_misc_32, nicolae_vaults_house_2, nicolae_vaults_yaktaur_gun_rack,
          hangedman_vaults_slice, hangedman_vaults_stretched_pinwheel,
          vaults_dpeg_hooks, layout_vaults_big_room, serial_shops, shop
Vaults:4: ontoclasm_vaults_gallery, v_rooms_4, vaults_room_boxed,
          nicolae_vaults_storage_closets_1, vaults_mumra_chevron,
          vaults_standard_mumra_lines, ontoclasm_vaults_twist,
          nicolae_vaults_trapezoid_2, nicolae_vaults_network_star,
          vaults_room_semicircle, hangedman_vaults_capsules, v_misc_25,
          layout_vaults_ring
Vaults:5: uniq_bai_suzhen
Crypt:1:  layout_rooms, nicolae_crypt_small_crypt, lemuel_freeze_loot_1,
          uniq_boris
Crypt:2:  layout_chaotic_city, columned_hall_lemuel, minivault_5, uniq_grunn
Crypt:3:  due_elkab, layout_chaotic_city
Depths:1: layout_basic, minmay_misc_feat_square, rand_demon_pan_entry_9,
          grunt_mini_vestibule, nicolae_vehumet_altar_sigil, uniq_enchantress
Depths:2: minmay_bloctagon_deflated, layout_cave_shapes,
          grunt_pan_entry_sceptre, abyss_entry, grunt_hell_entry_dis_mu,
          grunt_ministairs_12, minmay_staircase_statues,
          nicolae_triple_integral, uniq_sojobo
Depths:3: grunt_profane_halls [grunt_profane_loot, grunt_profane_temple_geh,
          grunt_profane_temple_coc, grunt_profane_temple_tar,
          grunt_profane_temple_dis], abyss_entry, hell_entry
Depths:4: evilmike_zot_entry_round, layout_gridlike, enter_ziggurat_c,
          hangedman_coc_ice_floe, serial_bayou_pond_e, minmay_misc_feat_encased,
          minmay_shop_star, serial_bayou_shore_b
Zot:1:    layout_misc_corridors, regret_index_zotdec_twisting_globes,
          uniq_tiamat
Zot:2:    layout_concentric_octagons, regret_index_zotdec_banners
Zot:3:    layout_onion_interference, hangedman_zot_diagonal_lockstep,
          grunt_ministairs_4
Zot:4:    layout_basic, hangedman_zot_decor_scrapings, grunt_megastairs_2,
          uniq_josephina
Zot:5:    layout_gridlike, regret_index_zotdec_onion_hex

Skill      XL: |  1  2  3  4  5  6  7  8  9 10 11 12 13 14 15 16 17 18 19 20 21 22 23 24 25 26 27 |
---------------+----------------------------------------------------------------------------------+-----
Fighting       | 1 2 4 5 7 9 11 13 14 16 17 19 20 21 23 26 | 26.9
Spellcasting   | 4 5 6 7 9 10 11 12 14 15 16 17 18 19 20 21 22 23 25 | 25.9
Conjurations   | 4 5 6 7 9 10 11 12 14 15 16 17 18 19 20 21 22 23 25 | 25.9
Hexes          | 4 5 6 7 9 10 11 12 14 15 16 17 18 19 20 21 22 23 25 | 25.9
Summonings     | 4 5 6 7 9 10 11 12 14 15 16 17 18 19 20 21 22 23 25 | 25.9
Necromancy     | 4 5 6 7 9 10 11 12 14 15 16 17 18 19 20 21 22 23 25 | 25.9
Translocations | 4 5 6 7 9 10 11 12 14 15 16 17 18 19 20 21 22 23 25 | 25.9
Fire Magic     | 4 5 6 7 9 10 11 12 14 15 16 17 18 19 20 21 22 23 25 | 25.9
Ice Magic      | 4 5 6 7 9 10 11 12 14 15 16 17 18 19 20 21 22 23 25 | 25.9
Air Magic      | 4 5 6 7 9 10 11 12 14 15 16 17 18 19 20 21 22 23 25 | 25.9
Earth Magic    | 4 5 6 7 9 10 11 12 14 15 16 17 18 19 20 21 22 23 25 | 25.9
Alchemy        | 4 5 6 7 9 10 11 12 14 15 16 17 18 19 20 21 22 23 25 | 25.9
Shields        | 5 8 10 12 13 14 15 | 15.0
Dodging        | 6 9 12 14 17 19 20 21 | 21.3
Armour         | 6 8 12 | 12.0
Stealth        | 5 |  5.0

Action                     |  1- 3 |  4- 6 |  7- 9 | 10-12 | 13-15 | 16-18 | 19-21 | 22-24 | 25-27 || total
---------------------------+-------+-------+-------+-------+-------+-------+-------+-------+-------++-------
  Melee: Dagger            |       |     6 |       |       |       |       |       |       |       ||     6
         Scimitar          |       |       |       |       |       |       |       |     1 |     7 ||     8
   Fire: Sling             |       |    36 |   181 |     8 |     6 |     1 |     3 |       |       ||   235
   Cast: Magic Dart        |    90 |    85 |       |       |       |       |       |       |       ||   175
         Mephitic Cloud    |       |     1 |    11 |    52 |    41 |     6 |     2 |       |       ||   113
         Scorch            |       |       |    39 |   390 |    62 |    26 |     1 |       |       ||   518
         Call Imp          |       |       |     1 |     5 |     2 |     6 |       |       |       ||    14
         Blink             |       |       |     1 |     2 |     3 |     4 |       |     4 |       ||    14
         Mercury Vapours   |       |       |       |    16 |     1 |       |       |       |       ||    17
         Slow              |       |       |       |     1 |       |       |       |       |       ||     1
         Lee's Rapid Decon |       |       |       |       |   504 |   191 |    53 |    17 |    14 ||   779
         Cause Fear        |       |       |       |       |     5 |       |     1 |       |       ||     6
         Eringya's Noxious |       |       |       |       |    15 |    11 |     2 |       |       ||    28
         Plasma Beam       |       |       |       |       |       |   353 |   508 |   778 |  1081 ||  2720
         Death Channel     |       |       |       |       |       |       |    52 |    13 |    20 ||    85
         Summon Hydra      |       |       |       |       |       |       |       |    18 |    73 ||    91
         Spellforged Servi |       |       |       |       |       |       |       |    10 |    37 ||    47
         Chain Lightning   |       |       |       |       |       |       |       |       |    87 ||    87
         Confusing Touch   |       |       |       |       |       |       |       |       |     3 ||     3
  Evoke: Wand              |       |       |       |     8 |       |       |       |     1 |     4 ||    13
    Use: Scroll            |       |       |     5 |    11 |     2 |    17 |     7 |     9 |    16 ||    67
         Potion            |       |       |       |     1 |       |     8 |       |     3 |     9 ||    21
 Armour: Robe              |    10 |    34 |       |       |       |       |       |       |       ||    44
         Ring mail         |       |       |   129 |   200 |   167 |   147 |       |       |       ||   643
         Acid dragon scale |       |       |       |       |       |   110 |   185 |   214 |   429 ||   938
  Dodge: Dodged            |    12 |    32 |   105 |   111 |    73 |   101 |   102 |   255 |   396 ||  1187
  Block: Buckler           |       |       |       |       |       |       |    28 |   214 |   245 ||   487
         Other             |       |       |       |       |       |       |     1 |       |       ||     1
         Reflection        |       |       |       |       |       |       |     9 |     6 |    13 ||    28

Table legend: (Time is in decaauts)
 A = Elapsed time spent in this place.
 B = Non-inter-level travel time spent in this place.
 C = Inter-level travel time spent in this place.
 D = Time resting spent in this place.
 E = Time spent auto-exploring this place.
 F = Levels seen in this place.
 G = Mean time per level.
                   A        B        C        D        E       F      G
               +--------+--------+--------+--------+--------+-----+--------+
         Total | 117085 | 111447 |   5638 |  44448 |  51462 |  55 | 2128.8 |
       Dungeon |  20309 |  17954 |   2355 |   4718 |  10293 |  15 | 1353.9 |
        Temple |      1 |      0 |      1 |      0 |      0 |   1 |    1.0 |
          Lair |  10614 |   9911 |    703 |   2782 |   5584 |   5 | 2122.8 |
         Swamp |   7463 |   7256 |    207 |   4345 |   2343 |   4 | 1865.8 |
   Spider Nest |   5767 |   5619 |    148 |   1667 |   2745 |   4 | 1441.8 |
    Slime Pits |  13910 |  13560 |    350 |   6886 |   4433 |   5 | 2782.0 |
  Orcish Mines |   1613 |   1569 |     44 |     56 |   1164 |   2 |  806.5 |
        Vaults |  20285 |  19261 |   1024 |   7657 |   9033 |   5 | 4057.0 |
         Crypt |   7683 |   7478 |    205 |   3382 |   3400 |   3 | 2561.0 |
        Depths |  14803 |  14335 |    468 |   6243 |   6686 |   4 | 3700.8 |
           Zot |  13478 |  13349 |    129 |   6370 |   5308 |   5 | 2695.6 |
        Bailey |    428 |    428 |      0 |     60 |    166 |   1 |  428.0 |
       Volcano |    723 |    723 |      0 |    279 |    305 |   1 |  723.0 |
               +--------+--------+--------+--------+--------+-----+--------+

Top non-repeatable levels by time:
Vaults:4: 6670 daAuts
Depths:4: 6496 daAuts
Vaults:2: 6379 daAuts
 Slime:5: 5012 daAuts
  Lair:2: 3998 daAuts
   Zot:1: 3310 daAuts
 Slime:4: 3205 daAuts
   Zot:5: 3201 daAuts
Depths:1: 3194 daAuts
    D:12: 3103 daAuts
Vaults:5: 2887 daAuts
Depths:3: 2777 daAuts
 Slime:1: 2755 daAuts
 Crypt:3: 2694 daAuts
 Swamp:4: 2609 daAuts
